 Dungeon Crawl Stone Soup version 0.23.2 (webtiles) character file.

Game seed: 14721081134685558097

1719 Kairos the Poker (level 9, -1/71 HPs)
             Began as a Formicid Abyssal Knight on Apr 9, 2019.
             Was a Priest of Lugonu.
             Killed by nerve-wracking pain
             ... invoked by an orc priest
              (6 damage)
             ... on level 6 of the Dungeon.
             The game lasted 00:11:54 (7366 turns).

Kairos the Poker (Formicid Abyssal Knight)          Turns: 7366, Time: 00:11:55

Health: -1/71      AC: 14    Str: 20    XL:     9   Next: 24%
Magic:  10/10      EV:  5    Int:  8    God:    Lugonu [***...]
Gold:   125        SH: 10    Dex: 16    Spells: 8/8 levels left

rFire    + + +     SeeInvis +   z - +2 spear "Roibbu Yvida" {flame, *Rage rPois rF+ rN+} (curse)
rCold    + + .     Gourm    .   o - +0 shield
rNeg     + . .     Faith    +   f - +1 plate armour "Exkiq" {rF++ Int-4 Dex+6}
rPois    +         Spirit   .   (helmet unavailable)
rElec    .         Reflect  .   B - scarf {rC+ rF+}
rCorr    .         Harm     .   (no gloves)
MR       .....                  u - +0 pair of boots
Stlth    ..........             E - amulet of faith
HPRegen  0.21/turn              F - ring of protection from cold
MPRegen  0.12/turn              (no ring)

@: no status effects
A: permanent stasis, dig shafts and tunnels, four strong arms, antennae 3
a: Dig, Shaft Self, Depart the Abyss, Bend Space, Banish, Renounce Religion


You were on level 6 of the Dungeon.
You worshipped Lugonu.
Lugonu was most pleased with you.
You were not hungry.

You visited 1 branch of the dungeon, and saw 6 of its levels.
You visited the Abyss 1 time.

You collected 367 gold pieces.
You spent 242 gold pieces at shops.

Inventory:

Hand Weapons
 a - a +1 spear
 y - a +4 flail of protection
 z - the cursed +2 spear "Roibbu Yvida" (weapon) {flame, *Rage rPois rF+ rN+}
   (You bought it in a shop on level 4 of the Dungeon)

   It has been specially enchanted to burn those struck by it, causing extra
   injury to most foes and up to half again as much damage against particularly
   susceptible opponents.
   It protects you from fire.
   It protects you from poison.
   It protects you from negative energy.
   It may make you go berserk in combat.
   It has a curse placed upon it.
Armour
 b - a +0 leather armour
 f - the +1 plate armour "Exkiq" (worn) {rF++ Int-4 Dex+6}
   (You found it on level 2 of the Abyss)

   It affects your intelligence (-4).
   It affects your dexterity (+6).
   It greatly protects you from fire.
 o - a +0 shield (worn)
 p - a +0 chain mail of fire resistance
 u - a +0 pair of boots (worn)
 B - a scarf of resistance (worn)
Jewellery
 r - an uncursed ring of fire
 A - a +2 amulet of reflection
 E - an amulet of faith (around neck)
 F - a ring of protection from cold (left hand)
Wands
 t - a wand of paralysis (15)
Scrolls
 d - 3 scrolls of remove curse
 e - 4 scrolls of identify
 g - a scroll of enchant weapon {unknown}
 i - a scroll of vulnerability {unknown}
 j - 2 scrolls of magic mapping
 m - a scroll of blinking {unknown}
 s - 5 scrolls of amnesia {unknown}
 w - a scroll of teleportation {unknown}
 D - a scroll of noise {unknown}
Potions
 h - a potion of cancellation {unknown}
 k - a potion of resistance {unknown}
 l - 2 potions of lignification
 n - a potion of magic {unknown}
 q - 2 potions of curing
 v - 4 potions of agility {unknown}
 x - a potion of degeneration {unknown}
 C - 2 potions of flight {unknown}
 G - a potion of ambrosia {unknown}
Comestibles
 c - 14 rations


   Skills:
 + Level 6.4 Fighting
 + Level 7.0 Polearms
 + Level 5.8 Armour
 + Level 1.2 Dodging
 + Level 0.3 Stealth
 + Level 6.1 Shields
 + Level 2.5 Invocations


You had 8 spell levels left.
You didn't know any spells.
Your spell library was empty.

Dungeon Overview and Level Annotations

Branches:
Dungeon (6/15)             Temple (0/1) D:6

Altars:
Ashenzari
Cheibriados
Elyvilon
Trog
Xom
The Shining One

Shops:
D:4 (?=(


Innate Abilities, Weirdness & Mutations

You cannot be hasted, slowed, berserked, paralysed or teleported.
You can dig through walls and to a lower floor.
Your four strong arms can wield two-handed weapons with a shield.
You have a pair of large antennae on your head. (SInv)


Message History

You're too confused to move!
The orc priest calls upon Beogh to heal the orc wizard.
The orc wizard is healed somewhat.
The orc warrior hits you with a +0 dire flail!
You miss the orc warrior.
The orc warrior hits you with a +0 dire flail!
* * * LOW HITPOINT WARNING * * *
You bump into the rock wall.
You feel less confused.
The orc warrior hits you with a +0 dire flail!
* * * LOW HITPOINT WARNING * * *
Space bends around you!
You blink.
The orc wizard casts a spell at you. The magic dart hits you.
* * * LOW HITPOINT WARNING * * *
You see here 21 stones.
There is a stone staircase leading up here.
The orc priest invokes the aid of Beogh against you.
Pain shoots through your body!
You die...

#... ####..........# .$ ##...
..............# ... ###...
.#####.({{....# .$.. ..#..#
######o##.....# {.... ..#..##
##....{.##.....###..# .....[
##....##.###......oo#
..†.#####...#.#......o#######
......##.(#.#.#.#.....#
...##.........#.@.....#
..#####..##...........# ..#
#......##......... ..#
#####.###...>...## ..#
#.##.......... ###
#.##†#.##.#.## #
#.##.#..#.#.# ##
#.....#...#.#
.##########.....#..#..#.##


You could see an orc priest.

Vanquished Creatures
  A steam dragon (D:4)
  Edmund (D:4)
  An ice beast (D:6)
  2 phantoms
  2 ogres
  3 bullfrogs (D:6)
  A water moccasin zombie (D:5)
  3 scorpions
  A howler monkey (D:4)
  A hound (D:5)
  A quasit (D:5)
  6 orc wizards
  An orc priest (D:3)
  Jessica (D:3)
  An iguana (D:4)
  2 worker ants
  2 hound skeletons
  7 adders
  An ooze (D:5)
  An adder skeleton (D:4)
  4 worms
  2 dart slugs (D:1)
  2 leopard geckos (D:2)
  26 orcs
  2 ball pythons
  4 bats
  6 giant cockroaches
  5 goblins
  8 hobgoblins
  5 jackals
  6 kobolds
  4 quokkas
  6 frilled lizards
  A giant cockroach zombie (D:5)
  A leopard gecko skeleton (D:3)
  13 rats
134 creatures vanquished.

Vanquished Creatures (others)
  An orc wizard (D:3)
  2 starspawn tentacles (Abyss:2)
3 creatures vanquished.

Grand Total: 137 creatures vanquished

Notes
Turn   | Place    | Note
-------+----------+-------------------------------------------
     0 | Abyss:1  | Kairos the Formicid Abyssal Knight began the quest for the
                  | Orb.
     0 | Abyss:1  | Reached XP level 1. HP: 18/18 MP: 2/2
   132 | Abyss:1  | Noticed a wretched star
   157 | Abyss:1  | Noticed a small abomination
   206 | Abyss:2  | Got a slimy plate armour
   217 | Abyss:2  | Identified the cursed +1 plate armour "Exkiq" {rF++ Int-4
                  | Dex+6} (You found it on level 2 of the Abyss)
   262 | Abyss:2  | Noticed a tentacled starspawn
   276 | Abyss:2  | Noticed an ice devil
   290 | Abyss:2  | Noticed a raiju
   294 | Abyss:2  | Noticed an eye of draining
   299 | Abyss:2  | Noticed a chaos spawn
   315 | D:1      | Escaped the Abyss
   544 | D:1      | Reached * piety under Lugonu
   544 | D:1      | Reached XP level 2. HP: 24/24 MP: 3/3
  1114 | D:1      | Reached XP level 3. HP: 30/30 MP: 4/4
  1306 | D:2      | Found a faded altar of an unknown god.
  1384 | D:2      | Found a white marble altar of Elyvilon.
  1490 | D:2      | Reached skill level 3 in Polearms
  1490 | D:2      | Reached XP level 4. HP: 37/37 MP: 5/5
  1712 | D:2      | Found a bloodstained altar of Trog.
  1713 | D:2      | Found a shattered altar of Ashenzari.
  1841 | D:2      | Found a snail-covered altar of Cheibriados.
  2261 | D:3      | Reached ** piety under Lugonu
  2382 | D:3      | Reached XP level 5. HP: 43/43 MP: 6/6
  2526 | D:3      | Noticed Jessica
  2539 | D:3      | Killed Jessica
  2539 | D:3      | Reached skill level 4 in Polearms
  2550 | D:3      | Found a glowing golden altar of the Shining One.
  2805 | D:3      | Reached skill level 1 in Shields
  2807 | D:3      | HP: 2/43 [orc/+0 flail (2)]
  2837 | D:3      | Reached XP level 6. HP: 11/49 MP: 7/7
  3750 | D:4      | Noticed an ogre
  3762 | D:4      | Killed an ogre
  4037 | D:4      | Found Legil's Jewellery Boutique.
  4072 | D:4      | Noticed Edmund
  4093 | D:4      | Killed Edmund
  4093 | D:4      | Reached skill level 5 in Fighting
  4093 | D:4      | Reached XP level 7. HP: 41/56 MP: 8/8
  4111 | D:4      | Found Olig Xof's Antique Weapon Shop.
  4118 | D:4      | Bought a warped spear for 152 gold pieces
  4118 | D:4      | Identified the cursed +2 spear "Roibbu Yvida" {flame, *Rage
                  | rPois rF+ rN+} (You bought it in a shop on level 4 of the
                  | Dungeon)
  4153 | D:4      | Found Vajon's Magic Scroll Shop.
  4297 | D:4      | Found Naistysm's Antique Weapon Boutique.
  4421 | D:5      | Entered Level 5 of the Dungeon
  4445 | D:5      | Reached skill level 5 in Polearms
  5374 | D:4      | Reached XP level 8. HP: 38/63 MP: 9/9
  5844 | D:4      | Reached skill level 1 in Dodging
  6211 | D:4      | Bought a +2 amulet of reflection for 90 gold pieces
  6252 | D:5      | Reached *** piety under Lugonu
  6305 | D:5      | Reached skill level 5 in Armour
  6396 | D:5      | Reached skill level 5 in Shields
  6398 | D:5      | Found a shimmering altar of Xom.
  6687 | D:5      | Reached skill level 6 in Polearms
  7130 | D:6      | Reached XP level 9. HP: 66/69 MP: 10/10
  7221 | D:6      | Found a staircase to the Ecumenical Temple.
  7313 | D:6      | Reached skill level 7 in Polearms
  7358 | D:6      | HP: 3/71 [orc wizard/magic dart (3)]
  7366 | D:6      | Killed from afar by an orc priest

Skill      XL: |  1  2  3  4  5  6  7  8  9 |
---------------+----------------------------+-----
Fighting       | 4 5 6 |  6.4
Polearms       | 3 4 5 6 7 |  7.0
Shields        | 1 2 3 5 6 |  6.1
Armour         | 3 4 5 |  5.8
Dodging        | 1 |  1.2
Stealth        | |  0.3
Invocations    | |  2.5

Action                   |  1- 3 |  4- 6 |  7- 9 || total
-------------------------+-------+-------+-------++-------
Melee: Spear             |    93 |   226 |   327 ||   646
Invok: Depart the Abyss  |     1 |       |       ||     1
       Bend Space        |       |       |     3 ||     3
 Abil: Dig               |     7 |       |       ||     7
  Use: Scroll            |     1 |     5 |       ||     6
       Potion            |       |     2 |       ||     2
  Eat: Chunk             |     2 |     8 |    11 ||    21
Armor: Plate armour      |    29 |    92 |   239 ||   360
Dodge: Dodged            |    15 |    18 |    45 ||    78
Block: Shield            |     2 |    67 |   172 ||   241
       Reflection        |       |       |     2 ||     2
